 Dungeon Crawl Stone Soup version 0.18.1-48-g4cf74bf (webtiles) character file.

13443 Peloso the Carver (level 11, -1/101 HPs)
             Began as a Minotaur Fighter on Aug 1, 2016.
             Was a High Priest of Okawaru.
             Slain by an alligator simulacrum (10 damage)
             ... in an ice cave.
             The game lasted 00:41:41 (12238 turns).

Peloso the Carver (Minotaur Fighter)               Turns: 12238, Time: 00:41:42

Health: -1/101     AC: 21    Str: 21    XL:     11   Next: 75%
Magic:  10/10      EV:  8    Int:  5    God:    Okawaru [*****.]
Gold:   844        SH: 13    Dex: 13    Spells: 0 memorised, 10 levels left

rFire  + . .     SeeInvis +     Q - +3 long sword (slice)
rCold  + . .     Gourm    .     h - +1 plate armour
rNeg   . . .     Faith    .     c - +0 shield
rPois  +         Spirit   .     (helmet restricted)
rElec  +         Dismiss  .     x - +0 cloak
rCorr  +         Reflect  .     m - +2 pair of gloves
SustAt .         Harm     .     (no boots)
MR     +....                    P - amulet of magic regeneration
Stlth  ..........               r - ring of see invisible
                                l - ring of protection from magic

@: resistant, somewhat resistant to hostile enchantments, extremely unstealthy
A: retaliatory headbutt, horns 2
a: Heroism, Finesse, Renounce Religion


You were in an ice cave.
You worshipped Okawaru.
Okawaru was extremely pleased with you.
You were not hungry.

You visited 2 branches of the dungeon, and saw 13 of its levels.
You also visited: Labyrinth, Ossuary and Ice Cave.

You collected 844 gold pieces.

Inventory:

Hand Weapons
 a - a +0 long sword of slicing
 Q - a +3 long sword of slicing (weapon)
Armour
 b - a +0 scale mail
 c - a +0 shield (worn)
 h - a +1 plate armour (worn)
 m - a +2 pair of gloves (worn)
 o - the +2 robe "Vineudaf" {rElec rN+ Dex-4, unknown}
   (Okawaru gifted it to you on level 12 of the Dungeon)

   It affects your dexterity (-4).
   It insulates you from electricity.
   It protects you from negative energy.
 x - a +0 cloak (worn)
Jewellery
 l - a ring of protection from magic (left hand)
 r - a ring of see invisible (right hand)
 P - an amulet of magic regeneration (around neck)
Wands
 q - a wand of digging (19/24)
Scrolls
 j - 3 scrolls of identify
 p - 6 scrolls of magic mapping
 s - 2 scrolls of recharging
 t - 2 scrolls of blinking
 y - 2 scrolls of remove curse
 z - a scroll of enchant armour
 B - a scroll of teleportation
 K - a scroll of enchant weapon
 L - a scroll of fog
 M - a scroll of fear
 N - a scroll of torment
Potions
 d - 3 potions of might
 g - a potion of resistance
 i - a potion of cancellation
 v - 3 potions of brilliance
 w - 2 potions of flight
 C - 3 potions of agility
 D - a potion of invisibility
 E - a potion of haste
 G - 12 potions of curing
 H - 2 potions of ambrosia
Books
 e - an Akashic Record

   Spells                             Type                      Level
   a - Dispersal                      Translocation                6
   b - Malign Gateway                 Summoning/Translocation      7
   c - Disjunction                    Translocation                8
   d - Controlled Blink               Translocation                8
 k - a book of Necromancy

   Spells                             Type                      Level
   a - Pain                           Necromancy                   1
   b - Animate Skeleton               Necromancy                   1
   c - Vampiric Draining              Necromancy                   3
   d - Regeneration                   Charms/Necromancy            3
   e - Animate Dead                   Necromancy                   4
   f - Control Undead                 Necromancy                   4
 A - a book of Envenomations

   Spells                             Type                      Level
   a - Spider Form                    Transmutation/Poison         3
   b - Olgreb's Toxic Radiance        Poison                       4
   c - Alistair's Intoxication        Transmutation/Poison         5
   d - Poisonous Cloud                Conjuration/Poison/Air       6
 I - a book of Enchantments

   Spells                             Type                      Level
   a - Cause Fear                     Hexes                        4
   b - Yara's Violent Unravelling     Hexes/Transmutation          5
   c - Silence                        Hexes/Air                    5
   d - Deflect Missiles               Charms/Air                   6
   e - Haste                          Charms                       6
   f - Discord                        Hexes                        8
 O - a book of Minor Magic

   Spells                             Type                      Level
   a - Magic Dart                     Conjuration                  1
   b - Blink                          Translocation                2
   c - Call Imp                       Summoning                    2
   d - Repel Missiles                 Charms/Air                   2
   e - Slow                           Hexes                        2
   f - Conjure Flame                  Conjuration/Fire             3
   g - Mephitic Cloud                 Conjuration/Poison/Air       3
 U - a book of Annihilations

   Spells                             Type                      Level
   a - Poison Arrow                   Conjuration/Poison           6
   b - Chain Lightning                Conjuration/Air              8
   c - Lehudib's Crystal Spear        Conjuration/Earth            8
   d - Glaciate                       Conjuration/Ice              9
   e - Fire Storm                     Conjuration/Fire             9
Comestibles
 f - 9 bread rations
 n - 7 royal jellies
 u - 7 meat rations
 J - 3 fruits


   Skills:
 + Level 10.4 Fighting
 + Level 11.9 Long Blades
 + Level 11.3 Armour
 + Level 4.9 Dodging
 + Level 0.8 Stealth
 + Level 11.9 Shields
 + Level 1.2 Invocations


You had 10 spell levels left.
You didn't know any spells.

Dungeon Overview and Level Annotations

Branches:
Dungeon (12/15)            Temple (0/1) D:5            Lair (1/8) D:11
    Orc (0/2) D:12

Altars:
Ashenzari
Elyvilon
Makhleb
Okawaru
Pakellas
Zin

Annotations:
D:12 1 runed door


Innate Abilities, Weirdness & Mutations

You reflexively headbutt those who attack you in melee.
You have a pair of horns on your head.


Message History

The alligator simulacrum bites you. The alligator simulacrum freezes you!!
The alligator simulacrum tail-slaps you but does no damage.
Unknown command.
You hit the polar bear simulacrum.
You block the polar bear simulacrum's attack. x3
The alligator simulacrum bites you but does no damage.
The alligator simulacrum tail-slaps you but does no damage.
The alligator simulacrum bites you. The alligator simulacrum freezes you!!
* * * LOW HITPOINT WARNING * * *
The alligator simulacrum completely misses you.
Drink which item? (? for menu, Esc to quit)
You feel protected.
You feel like a meek peon again.
The alligator simulacrum bites you but does no damage.
The alligator simulacrum tail-slaps you but does no damage.
The polar bear simulacrum bites you but does no damage.
You block the polar bear simulacrum's attack. x2
The alligator simulacrum bites you!
* * * LOW HITPOINT WARNING * * *
The alligator simulacrum freezes you! You resist.
You die...

#####
##..@##
##..ZZZ##
#.......#
#...∩...#
##.....##
##...##
#...#
...##
#...#


You could see 2 alligator simulacra and a polar bear simulacrum.

Vanquished Creatures
  A minotaur (Lab)
  Erolcha (D:8)
  An unseen horror (D:9)
  Pikel (D:5)
  2 hill giants
  An ugly thing (D:12)
  A cyclops (D:11)
  Joseph (D:8)
  3 trolls
  A minotaur skeleton (Lab)
  4 blink frogs (Lair:1)
  2 hungry ghosts (D:9)
  A wraith (D:11)
  A hippogriff (D:7)
  7 basilisks
  A death yak simulacrum (IceCv)
  2 black bears
  8 ice beasts (Lair:1)
  2 slaves (D:5)
  3 orc warriors
  2 phantoms
  3 sky beasts
  3 ogres
  4 centaurs
  3 big kobolds
  5 giant frogs
  6 scorpions
  9 killer bees (D:11)
  2 spriggan skeletons (D:9)
  4 howler monkeys
  8 crimson imps
  2 centaur zombies
  3 giant frog zombies
  10 hounds
  5 centaur skeletons
  4 orc priests
  A giant frog skeleton (D:5)
  Crazy Yiuf (D:3)
  5 iguanas
  4 orc wizards
  16 worker ants
  A killer bee zombie (D:6)
  A big kobold zombie (Ossuary)
  2 hound skeletons (D:6)
  8 mummies (Ossuary)
  A howler monkey zombie (D:8)
  7 gnolls (D:4)
  16 adders
  A howler monkey skeleton (D:4)
  13 river rats (Lair:1)
  An adder skeleton (D:4)
  An adder zombie (D:8)
  2 worms
  8 giant geckos
  11 orcs
  2 giant cockroaches
  3 gnoll zombies (Ossuary)
  7 goblins
  3 hobgoblins
  19 jackals
  4 quokkas
  2 ball pythons
  A bat (D:3)
  A giant gecko skeleton (D:9)
  A giant gecko zombie (D:7)
  6 giant newts
  2 jackal skeletons
  17 kobolds
  2 kobold zombies (Ossuary)
  2 orc zombies (Ossuary)
  A quokka zombie (D:7)
  6 rats
296 creatures vanquished.

Vanquished Creatures (others)
  A slave (D:5)
  A worker ant (D:5)
2 creatures vanquished.

Grand Total: 298 creatures vanquished

Notes
Turn   | Place    | Note
--------------------------------------------------------------
     0 | D:1      | Peloso the Minotaur Fighter began the quest for the Orb.
     0 | D:1      | Reached XP level 1. HP: 19/19 MP: 0/0
   306 | D:1      | Reached XP level 2. HP: 27/27 MP: 1/1
   776 | D:2      | Reached XP level 3. HP: 33/34 MP: 2/2
  1354 | D:3      | Reached XP level 4. HP: 41/41 MP: 3/3
  1493 | D:3      | Found a white marble altar of Elyvilon.
  1621 | D:3      | Noticed Crazy Yiuf
  1628 | D:3      | Killed Crazy Yiuf
  1628 | D:3      | Reached skill level 1 in Dodging
  1794 | D:4      | Reached XP level 5. HP: 43/47 MP: 4/4
  2116 | D:4      | Reached skill level 5 in Shields
  2414 | D:4      | Reached skill level 5 in Fighting
  2417 | D:4      | Reached XP level 6. HP: 56/56 MP: 5/5
  2445 | D:4      | Reached skill level 5 in Armour
  2706 | D:4      | Reached XP level 7. HP: 50/61 MP: 6/6
  3056 | D:5      | Entered Level 5 of the Dungeon
  3165 | D:5      | Found a staircase to the Ecumenical Temple.
  3166 | D:5      | Found an iron altar of Okawaru.
  3195 | D:5      | Became a worshipper of Warmaster Okawaru
  3224 | D:5      | Noticed Pikel
  3262 | D:5      | Killed Pikel
  3262 | D:5      | Reached * piety under Okawaru
  3262 | D:5      | Reached skill level 5 in Long Blades
  3262 | D:5      | Reached XP level 8. HP: 29/70 MP: 7/7
  3520 | D:5      | Found a sand-covered staircase.
  3533 | Ossuary  | Entered an ossuary
  3976 | D:5      | Reached ** piety under Okawaru
  4020 | D:5      | Found a shattered altar of Ashenzari.
  5094 | D:7      | Reached XP level 9. HP: 27/79 MP: 8/8
  5101 | D:7      | Reached *** piety under Okawaru
  5799 | D:8      | Found an oddly glowing altar of Pakellas.
  5972 | D:8      | Noticed a hill giant
  5985 | D:8      | Killed a hill giant
  5985 | D:8      | Reached **** piety under Okawaru
  6261 | D:8      | Noticed Joseph
  6297 | D:8      | Killed Joseph
  6333 | D:8      | Noticed Erolcha
  6344 | D:8      | Killed Erolcha
  6344 | D:8      | Reached XP level 10. HP: 56/90 MP: 9/9
  6978 | D:9      | Reached skill level 10 in Shields
  7160 | D:9      | Reached ***** piety under Okawaru
  8042 | D:9      | Killed an unseen horror
  8101 | D:9      | Reached skill level 10 in Long Blades
  8353 | D:10     | Entered Level 10 of the Dungeon
  8669 | D:10     | Found a burning altar of Makhleb.
  9037 | D:11     | Noticed a cyclops
  9039 | D:11     | Reached skill level 10 in Armour
  9051 | D:11     | Reached skill level 1 in Invocations
  9056 | D:11     | Killed a cyclops
  9323 | D:11     | Received a gift from Okawaru
  9331 | D:11     | Reached XP level 11. HP: 89/97 MP: 10/10
  9403 | D:11     | Found a staircase to the Lair.
 10031 | D:12     | Noticed an angel
 10043 | D:12     | Found a labyrinth entrance.
 10054 | Lab      | Entered a labyrinth
 11597 | Lab      | Noticed a minotaur
 11609 | Lab      | Killed a minotaur
 11674 | D:12     | Noticed a hill giant
 11682 | D:12     | Killed a hill giant
 11699 | D:12     | Found a glowing silver altar of Zin.
 11700 | D:12     | Found a runed door.
 11720 | D:12     | Noticed a red ugly thing
 11735 | D:12     | Killed a red ugly thing
 11739 | D:12     | Reached skill level 10 in Fighting
 11742 | D:12     | Received a gift from Okawaru
 11743 | D:12     | Got a crude robe {god gift}
 11777 | D:12     | Noticed a four-headed hydra
 11849 | Lair:1   | Entered Level 1 of the Lair of Beasts
 12025 | Lair:1   | Found a frozen archway.
 12222 | IceCv    | Entered an ice cave
 12238 | IceCv    | Slain by an alligator simulacrum

Skill      XL: |  1  2  3  4  5  6  7  8  9 10 11 |
---------------+----------------------------------+-----
Fighting       | 4 5 6 7 8 9 10 | 10.4
Armour         | 4 5 7 8 10 11 | 11.3
Shields        | 4 5 7 8 9 10 11 | 11.9
Long Blades    | 3 4 5 7 9 10 11 | 11.9
Dodging        | 1 2 3 4 |  4.9
Invocations    | 1 |  1.2
Stealth        | |  0.8

Action                   |  1- 3 |  4- 6 |  7- 9 | 10-12 || total
-------------------------+-------+-------+-------+-------++-------
Melee: Long sword        |   121 |   134 |   422 |   594 ||  1271
       Headbutt          |    19 |    30 |    96 |   128 ||   273
Invok: Heroism           |       |       |     1 |    11 ||    12
Evoke: Wand              |       |       |       |     2 ||     2
  Use: Potion            |       |     4 |       |     2 ||     6
       Scroll            |       |       |    14 |    18 ||    32
  Eat: Chunk             |       |     6 |    11 |    17 ||    34
       Beef jerky        |       |       |     1 |       ||     1
       Pizza             |       |       |       |     2 ||     2
       Fruit             |       |       |       |     6 ||     6
Armor: Scale mail        |    30 |       |       |       ||    30
       Plate armour      |    43 |    84 |   229 |   308 ||   664
Dodge: Dodged            |    22 |    22 |    84 |   149 ||   277
Block: Shield            |    70 |    81 |   234 |   341 ||   726
